 Dungeon Crawl Stone Soup version 0.31.0-12-g77e489cdc1 (webtiles) character file.

Game seed: 10859174391658168050

5230 spaghetti the Basher (level 10, 0/92 HPs)
             Began as an Oni Chaos Knight on Mar 5, 2024.
             Was a Plaything of Xom.
             Slain by an iron imp (8 damage)
             ... summoned by Xom
             ... on level 8 of the Dungeon.
             The game lasted 00:13:19 (7353 turns).

spaghetti the Basher (Oni Chaos Knight)             Turns: 7353, Time: 00:13:20

Health: 0/92       AC:  7    Str: 26    XL:     10   Next: 61%
Magic:  10/10      EV:  1    Int: 10    God:    Xom [*.....]
Gold:   290        SH:  0    Dex: -9 (7) Spells: 9/9 levels left

rFire   + . .        r - +0 giant spiked club (elec)
rCold   + . .        (shield currently unavailable)
rNeg    . . .        n - +2 robe {rC+}
rPois   .            (helmet restricted)
rElec   +            (no cloak)
rCorr   .            (gloves unavailable)
SInv    .            (boots unavailable)
Will    +....        d - amulet of regeneration Stlth
                     m - ring of wizardry
HPRegen 1.15/turn    (no ring)
MPRegen 0.12/turn

%: wizardry (x1)
@: slowed, lost dexterity, very slow
A: large, unfitting armour, horns 2, tough skin 1, double potion healing,
drunken brawling, iridescent scales 1, dopey 1, fire resistance 1, mutation
resistance 2, electricity resistance, strong 1, MP-powered wands
a: Renounce Religion


You were on level 8 of the Dungeon.
You worshipped Xom.
You were a special plaything of Xom.
You visited 1 branch of the dungeon, and saw 8 of its levels.

You collected 392 gold pieces.
You spent 102 gold pieces at shops.

Inventory:

Hand Weapons
 a - a +0 mace of chaos
 p - a +0 giant club
 r - a +0 giant spiked club of electrocution (weapon)
 t - a +0 heavy flail
Missiles
 e - 66 stones
 f - 5 large rocks
 j - 14 boomerangs
 o - 20 poisoned darts
Armour
 b - a +2 robe
 n - a +2 robe of cold resistance (worn)
Jewellery
 d - an amulet of regeneration (around neck)
 m - a ring of wizardry (left hand)
Scrolls
 g - 2 scrolls of identify
 k - a scroll of fog
 q - a scroll of torment
 s - 2 scrolls of immolation
Potions
 l - 3 potions of degeneration


   Skills:
 - Level 4.0 Fighting
 + Level 13.4 Maces & Flails
 - Level 8.0 Throwing
 - Level 2.1 Dodging


You had 9 spell levels left.
You didn't know any spells.
Your spell library contained the following spells:

 Spells                   Type           Power      Damage    Failure   Level
 Apportation              Tloc           0%         N/A       16%         1
 Shock                    Conj/Air       0%         1d3       16%         1
 Jinxbite                 Hex            0%         N/A       22%         2
 Dazzling Flash           Conj/Hex       0%         N/A       41%         3
 Swiftness                Air            0%         N/A       41%         3
 Volatile Blastmotes      Fire/Tloc      0%         2d10      41%         3
 Airstrike                Air            0%         2d(0-16)  80%         4
 Alistair's Intoxication  Alch           0%         N/A       98%         5
 Starburst                Conj/Fire      0%         6d3       100%        6
 Maxwell's Capacitive Co  Air            0%         ∞         100%        8


Dungeon Overview and Level Annotations

Branches:
Dungeon (8/15)             Temple (0/1) D:7
   Lair: D:8-11

Altars:
Ashenzari
Elyvilon
Fedhas
Okawaru
Trog
Vehumet
Xom
Yredelemnul
Zin

Shops:
D:6 *

Annotations:
D:5 exclusion: oklob plant


Innate Abilities, Weirdness & Mutations

You are too large for most types of armour.
You have a pair of horns on your head.
You have tough skin. (AC +1)
You gain doubled healing and magic from potions.
Whenever you drink a healing potion, you attack all around you.
You are partially covered in iridescent scales. (AC +2)
You are dopey. (Int -2)
Your flesh is heat resistant. (rF+)
You are somewhat resistant to both further mutation and mutation removal.
You are resistant to electric shocks. (rElec)
Your muscles are strong. (Str +4, Int/Dex -1)
You expend magic power (3 MP) to strengthen your wands.


Message History

You feel clumsy.
Unknown command.
Unknown command.
Unknown command.
Unknown command.
Okay, then.
Okay, then.
Okay, then.
The quasit attacks as it pursues you!
The quasit bites you but does no damage.
The quasit claws you but does no damage. x2
The quasit bites you.
* * * LOW HITPOINT WARNING * * *
You feel clumsy. The quasit claws you.
* * * LOW HITPOINT WARNING * * *
You feel clumsy.
The quasit claws you but does no damage.
The quasit attacks as it pursues you! The quasit bites you.
* * * LOW HITPOINT WARNING * * *
You feel clumsy.
The quasit claws you but does no damage. x2
The quasit bites you but does no damage.
The quasit claws you but does no damage.
The quasit claws you.
* * * LOW HITPOINT WARNING * * *
The shadow imp lashes its tail.
The quasit bites you but does no damage.
The quasit claws you but does no damage.
The quasit claws you.
* * * LOW HITPOINT WARNING * * *
Unknown command.
Unknown command.
Okay, then.
You barely miss the quasit.
The quasit disappears in a puff of smoke!
The iron imp lashes its tail.
The iron imp hits you!
You die... "What!?
That's it?"

.....................####.#
#..[.....###..#...## #..#
.........# #..##..######.##
#.......###.)..........[#
##........†.####..#######
##...###..## #..# #.###
#..# #..# #†#####..#####..#
###.##.##(...55@..#
##..)....#####)###.#
............#...##.#
.....##.###..#.#.#.#
##.####.>..........
#.#######..b#.#.#.#
#.#.............#.#
#.#.#####.bb#.#.# . ..#.
##.## #


You could see an iron imp (summoned) and a shadow imp (summoned).

Vanquished Creatures
  A two-headed ogre (D:8)
  An ugly thing (D:8)
  A vampire (D:6)
  A wyvern (D:8)
  A yak (D:8)
  A steam dragon (D:8)
  A vampire mosquito (D:6)
  Menkaure (D:7)
  2 water moccasins
  3 black bears (D:6)
  An orc warrior (D:6)
  2 ice beasts (D:6)
  2 ogres
  3 centaurs
  2 phantoms
  A kobold brigand (D:7)
  Blork the orc (D:4)
  2 scorpions
  4 bullfrogs
  A howler monkey (D:8)
  A bombardier beetle (D:5)
  2 hounds
  An orc priest (D:7)
  3 iguanas
  3 sleepcaps
  Terence (D:2)
  Natasha (D:2)
  2 orc wizards
  A hound zombie (D:3)
  8 gnolls
  15 adders
  A river rat (D:6)
  A shadow imp (D:7)
  A white imp (D:6)
  2 ufetubi (D:5)
  An adder zombie (D:3)
  3 ribbon worms
  4 dart slugs
  24 orcs
  6 ball pythons
  5 endoplasms
  6 giant cockroaches
  15 goblins
  11 hobgoblins
  10 jackals
  10 kobolds
  5 quokkas
  9 bats
  5 frilled lizards
  6 rats
195 creatures vanquished.

Vanquished Creatures (collateral kills)
  Jeremiah (D:6)
  A shadow (D:6)
  2 water moccasins
  A black bear (D:8)
  A kobold brigand (D:8)
  3 orcs
9 creatures vanquished.

Vanquished Creatures (others)
  A dancing weapon (D:8)
1 creature vanquished.

Grand Total: 205 creatures vanquished

Notes
Turn   | Place    | Note
-------+----------+-------------------------------------------
     0 | D:1      | spaghetti the Oni Chaos Knight began the quest for the Orb.
     0 | D:1      | Reached XP level 1. HP: 24/24 MP: 1/1
    11 | D:1      | XOM: divination: detect creatures
   166 | D:1      | XOM: divination: detect items
   188 | D:1      | Reached XP level 2. HP: 32/32 MP: 2/2
   270 | D:1      | Reached skill level 4 in Maces & Flails
   307 | D:1      | Reached XP level 3. HP: 29/39 MP: 3/3
   952 | D:2      | XOM: smoke on damage
   956 | D:2      | Reached XP level 4. HP: 36/48 MP: 4/4
  1053 | D:3      | XOM: potion effect (invisibility)
  1061 | D:3      | Reached skill level 5 in Maces & Flails
  1079 | D:3      | XOM: enchant monster (bad)
  1188 | D:3      | XOM: 2-stop teleportation journey
  1193 | D:3      | Reached XP level 5. HP: 54/54 MP: 5/5
  1222 | D:3      | XOM: summons friendly quasit
  1375 | D:3      | Reached skill level 6 in Maces & Flails
  1389 | D:3      | Gained mutation: Your flesh is heat resistant. (rF+)
                  | [potion of mutation]
  1389 | D:3      | Gained mutation: You sometimes lose your temper in combat.
                  | [potion of mutation]
  1389 | D:3      | Gained mutation: You are partially covered in iridescent
                  | scales. (AC +2) [potion of mutation]
  1389 | D:3      | Gained mutation: You are somewhat resistant to further
                  | mutation. [potion of mutation]
  1533 | D:3      | Found a basalt altar of Yredelemnul.
  1735 | D:2      | Noticed Terence
  1735 | D:2      | XOM: 1-stop teleportation journey
  1739 | D:2      | Killed Terence
  1740 | D:2      | Reached XP level 6. HP: 62/62 MP: 6/6
  1882 | D:2      | XOM: 6-stop teleportation journey
  1893 | D:2      | Found a faded altar of an unknown god.
  1893 | D:2      | XOM: 2-stop teleportation journey
  1899 | D:2      | XOM: give mutations
  1899 | D:2      | Gained mutation: Your muscles are strong. (Str +4, Int/Dex
                  | -1) [Xom's grace]
  1899 | D:2      | Lost mutation: You are somewhat resistant to further
                  | mutation. [Xom's grace]
  1899 | D:2      | Gained mutation: You have hidden genetic potential. [Xom's
                  | grace]
  1942 | D:2      | XOM: scenery: summon butterflies
  2064 | D:2      | Noticed Natasha
  2068 | D:2      | Killed Natasha
  2221 | D:2      | XOM: silly message
  2287 | D:3      | XOM: summons 4 hostile demons
  2751 | D:3      | Reached skill level 7 in Maces & Flails
  2751 | D:3      | Reached skill level 1 in Throwing
  2752 | D:3      | XOM: enchant monster (bad)
  2813 | D:4      | Noticed Blork the orc
  2820 | D:4      | Reached XP level 7. HP: 69/70 MP: 7/7
  2823 | D:4      | Killed Blork the orc
  2829 | D:4      | Gained mutation: You have a pair of horns on your head.
                  | [hidden potential]
  3418 | D:4      | XOM: give mutations
  3418 | D:4      | Gained mutation: You are resistant to electric shocks.
                  | (rElec) [Xom's grace]
  3418 | D:4      | Gained mutation: You expend magic power (3 MP) to
                  | strengthen your wands. [Xom's grace]
  3418 | D:4      | Gained mutation: You are mostly covered in iridescent
                  | scales. (AC +4) [Xom's grace]
  3418 | D:4      | Lost mutation: You have hidden genetic potential. [Xom's
                  | grace]
  3418 | D:4      | Gained mutation: You are somewhat resistant to further
                  | mutation. [Xom's grace]
  3441 | D:5      | Entered Level 5 of the Dungeon
  3453 | D:5      | XOM: summons 3 friendly demons
  3456 | D:5      | XOM: 1-stop teleportation journey
  3507 | D:5      | XOM: divination: detect creatures
  3555 | D:5      | Found a white marble altar of Elyvilon.
  3587 | D:5      | XOM: polymorph iguana -> adder
  3689 | D:5      | You fall into a shaft and drop 1 floor!
  3751 | D:6      | Reached skill level 8 in Maces & Flails
  3780 | D:6      | Reached XP level 8. HP: 78/78 MP: 8/8
  3826 | D:6      | Noticed Jeremiah
  3829 | D:6      | Found a bloodstained altar of Trog.
  3847 | D:6      | Reached skill level 5 in Throwing
  3847 | D:6      | XOM: summons 2 friendly demons
  3849 | D:6      | Killed Jeremiah
  3850 | D:6      | Reached skill level 9 in Maces & Flails
  3953 | D:6      | XOM: scenery: 1 doors open
  4012 | D:6      | Noticed a shadow
  4014 | D:6      | Killed a shadow
  4055 | D:6      | Found Lome's General Store.
  4058 | D:6      | Bought 4 large rocks for 90 gold pieces
  4178 | D:6      | Reached XP level 9. HP: 65/84 MP: 9/9
  4347 | D:6      | XOM: cleaving
  4395 | D:6      | Reached skill level 10 in Maces & Flails
  4442 | D:6      | XOM: polymorph iguana -> river rat
  4466 | D:6      | XOM: scenery: 1 doors open, 1 doors close
  4488 | D:6      | XOM: scenery: 2 doors close
  4568 | D:6      | XOM: summons friendly white imp
  4645 | D:7      | XOM: scenery: create altars
  4674 | D:6      | XOM: summons 7 friendly demons
  4692 | D:6      | HP: 4/84 [something (10)]
  4712 | D:7      | Noticed Menkaure
  4712 | D:7      | XOM: 1-stop teleportation journey
  4816 | D:7      | XOM: scenery: create altars
  4879 | D:6      | Reached skill level 11 in Maces & Flails
  4954 | D:6      | Bought 8 stones for 12 gold pieces
  5048 | D:5      | XOM: scenery: 1 doors open, 1 doors close
  5086 | D:5      | Identified the +6 scale mail "Nutoumoe" {Will- Int+7}
  5309 | D:5      | XOM: give mutations
  5309 | D:5      | Gained mutation: You are somewhat resistant to both further
                  | mutation and mutation removal. [Xom's mischief]
  5309 | D:5      | Gained mutation: You are dopey. (Int -2) [Xom's mischief]
  5309 | D:5      | Lost mutation: You are mostly covered in iridescent scales.
                  | (AC +4) [Xom's mischief]
  5309 | D:5      | Lost mutation: You sometimes lose your temper in combat.
                  | [Xom's mischief]
  5418 | D:5      | XOM: summons 4 hostile demons
  5459 | D:5      | Found a blossoming altar of Fedhas.
  5475 | D:5      | Noticed an oklob plant
  6144 | D:3      | XOM: torment (43/84 hp)
  6581 | D:7      | Reached XP level 10. HP: 55/92 MP: 10/10
  6654 | D:7      | Found a staircase to the Ecumenical Temple.
  6690 | D:7      | Found a glowing silver altar of Zin.
  6690 | D:7      | Noticed an angel
  6744 | D:7      | Killed Menkaure
  7025 | D:8      | Found a radiant altar of Vehumet.
  7076 | D:8      | Found a broken altar of Ashenzari.
  7076 | D:8      | Found an iron altar of Okawaru.
  7090 | D:8      | XOM: stat loss: -1 Int (9/10)
  7117 | D:8      | XOM: 1-stop teleportation journey
  7124 | D:8      | Reached skill level 12 in Maces & Flails
  7164 | D:8      | Noticed a two-headed ogre
  7166 | D:8      | Noticed a cyan ugly thing
  7308 | D:8      | Killed a two-headed ogre
  7310 | D:8      | HP: 3/92 [yak (14)]
  7312 | D:8      | Reached skill level 13 in Maces & Flails
  7318 | D:8      | XOM: summons 6 hostile demons
  7323 | D:8      | Killed a cyan ugly thing
  7330 | D:8      | XOM: blink monster(s)
  7344 | D:8      | Lost dexterity.
  7353 | D:8      | Slain by an iron imp

Illustrated notes

Levels and vault maps discovered:
D:1:      elethiomel_arrival_maze, layout_basic
D:2:      minmay_chambers_of_twos, layout_loops_cross,
          hellmonk_ecumenical_altar_lost_god, st_stairs_13, uniq_natasha,
          uniq_terence
D:3:      minmay_skewed_foursquare, layout_loops_cross,
          lemuel_zombie_altar_yredelemnul, chequers_decorated_corner,
          minmay_misc_feat_ornament, minmay_statues_item
D:4:      layout_cave_pools, minivault_5, corexii_leaking_fountain,
          uniq_blork_the_orc
D:5:      nicolae_cairo_tiling_large, layout_gridville, elyvilon_altar_4,
          tgw_fedhas
D:6:      minmay_clustersquares, layout_basic, trog_ov_bears_minmay,
          serial_shops, shop, uniq_jeremiah
D:7:      layout_cave_pools, zin_angel, lemuel_temple_firewalk_b, uniq_menkaure
D:8:      minmay_bloctagon, layout_loops_ring,
          mainiacjoe_overflow_surrounded_room, tgw_kikubaaqudgha,
          fiery_altar_vehumet, gammafunk_temple_overflow_wave

Skill      XL: |  1  2  3  4  5  6  7  8  9 10 |
---------------+-------------------------------+-----
Maces & Flails | 4 5 6 7 8 9 11 13 | 13.4
Throwing       | 2 4 6 8 |  8.0
Fighting       | |  4.0
Dodging        | |  2.1

Action                     |  1- 3 |  4- 6 |  7- 9 | 10-12 || total
---------------------------+-------+-------+-------+-------++-------
  Melee: Mace              |   109 |   212 |    87 |       ||   408
         Headbutt          |     8 |    21 |    40 |     7 ||    76
         Punch             |       |     2 |     1 |       ||     3
         Flail             |       |       |    61 |       ||    61
         Giant spiked club |       |       |   163 |    72 ||   235
  Throw: Boomerang         |       |     2 |       |       ||     2
         Large rock        |       |       |     1 |     2 ||     3
    Use: Scroll            |       |    11 |     8 |     2 ||    21
         Potion            |       |     6 |     7 |     3 ||    16
   Stab: Sleeping          |       |     2 |     1 |       ||     3
         Fleeing           |       |     1 |       |       ||     1
 Armour: Robe              |    99 |   190 |   358 |   164 ||   811
         Skin              |       |       |    42 |   132 ||   174
  Dodge: Dodged            |    57 |   120 |   184 |    67 ||   428
